 Dungeon Crawl Stone Soup version 0.22-a0-542-gce4f928 (webtiles) character file.

3345 iamserjio the Covert (level 10, -9/77 HPs)
             Began as a Gnoll Assassin on June 24, 2018.
             Was an Initiate of Cheibriados.
             Killed from afar by a steam dragon (13 damage)
             ... with a ball of steam
             ... on level 8 of the Dungeon.
             The game lasted 00:28:01 (3020 turns).

iamserjio the Covert (Gnoll Assassin)               Turns: 3020, Time: 00:28:02

Health: -9/77      AC: 10    Str: 16    XL:     10   Next: 2%
Magic:  17/17      EV: 15    Int: 17    God:    Cheibriados [......]
Gold:   206        SH:  0    Dex: 17    Spells: 12/18 levels left

rFire    . . .     SeeInvis .   f - +2 whip (elec)
rCold    + . .     Gourm    .   (no shield)
rNeg     + . .     Faith    .   G - +3 leather armour {rC+}
rPois    .         Spirit   .   m - +0 helmet
rElec    .         Reflect  .   d - +0 cloak
rCorr    .         Harm     .   (no gloves)
MR       .....                  w - +0 pair of boots
Stlth    ++++......             (no amulet)
HPRegen  0.22/turn              y - ring of positive energy
MPRegen  0.15/turn              z - ring of flight

@: very slow
A: distributed training, fangs 1, hooves 1, evolution 1, strong nose
a: Bend Time, Renounce Religion, Evoke Flight


You were on level 8 of the Dungeon.
You worshipped Cheibriados.
Cheibriados was noncommittal.
You were hungry.

You visited 2 branches of the dungeon, and saw 9 of its levels.

You collected 260 gold pieces.
You spent 54 gold pieces at shops.

Inventory:

Hand Weapons
 a - a +2 dagger
 b - a +0 blowgun
 f - a +2 whip of electrocution (weapon)
 l - a +1 falchion of slicing
 n - a +0 short sword
 t - a +1 trident of pain
 B - a +2 mace of holy wrath
 M - a +0 shortbow
 O - a cursed -2 dagger
Missiles
 e - 17 poisoned needles
 D - 4 tomahawks (quivered)
 K - 2 throwing nets {!f}
Armour
 c - a +0 robe
 d - a +0 cloak (worn)
 k - a +0 ring mail
 m - a +0 helmet (worn)
 o - a +0 leather armour
 p - a +0 scale mail
 v - a +0 buckler
 w - a +0 pair of boots (worn)
 C - a +0 chain mail
 G - a +3 leather armour of cold resistance (worn)
 Q - a +3 ring mail of cold resistance
Magical Staves
 F - a cursed staff of conjuration {unknown}
 N - an uncursed staff of earth {unknown}
Jewellery
 h - an uncursed amulet of faith
 j - an uncursed ring of poison resistance
 q - an uncursed ring of wizardry
 y - a ring of positive energy (left hand)
 z - a ring of flight (right hand)
Scrolls
 r - 3 scrolls of remove curse {@r2}
 s - a scroll of enchant armour {unknown}
 x - a scroll of amnesia {unknown}
 A - a scroll of random uselessness {unknown}
 E - 2 scrolls of teleportation {unknown}
 L - 2 scrolls of identify {@r1}
Potions
 u - 2 potions of degeneration
 J - a potion of mutation
Comestibles
 g - 8 rations


   Skills:
 + Level 6.6 Fighting
 + Level 6.6 Short Blades
 + Level 4.7 Long Blades
 + Level 4.7 Axes
 + Level 4.7 Maces & Flails
 + Level 4.7 Polearms
 + Level 4.7 Staves
 + Level 4.7 Slings
 + Level 4.7 Bows
 + Level 4.7 Crossbows
 + Level 6.6 Throwing
 + Level 4.7 Armour
 + Level 5.4 Dodging
 + Level 9.2 Stealth
 + Level 4.7 Shields
 + Level 4.7 Unarmed Combat
 + Level 4.7 Spellcasting
 + Level 3.9 Conjurations
 + Level 3.9 Hexes
 + Level 3.9 Charms
 + Level 3.9 Summonings
 + Level 3.9 Necromancy
 + Level 3.9 Translocations
 + Level 3.9 Transmutations
 + Level 3.9 Fire Magic
 + Level 3.9 Ice Magic
 + Level 3.9 Air Magic
 + Level 3.9 Earth Magic
 + Level 3.9 Poison Magic
 + Level 5.2 Invocations
 + Level 4.7 Evocations


You had 12 spell levels left.
You knew the following spells:

 Your Spells              Type           Power        Failure   Level  Hunger
a - Inner Flame           Hex/Fire       ###.....     11%         3    ###....
b - Conjure Flame         Conj/Fire      ###.....     11%         3    ###....

Your spell library contained the following spells:

 Spells                   Type           Power        Failure   Level  Hunger
 Fireball                 Conj/Fire      ###.......   67%         5    ######.
 Throw Flame              Conj/Fire      ###...       5%          2    #......
 Sticky Flame             Conj/Fire      ###.....     34%         4    ####...
 Flame Tongue             Conj/Fire      ###..        3%          1    None


Dungeon Overview and Level Annotations

Branches:
Dungeon (8/15)             Temple (1/1) D:6
   Lair: D:8-11

Altars:
Cheibriados
Elyvilon
Gozag
Hepliaklqana
Kikubaaqudgha
Nemelex Xobeh
Okawaru
Qazlal
Ru
Sif Muna
Trog
Vehumet
Wu Jian
Yredelemnul
The Shining One
Beogh

Shops:
D:4 [

Annotations:
D:5 3 runed doors, Amnesiac's ghost, amateur SpBe
D:7 Dowan


Innate Abilities, Weirdness & Mutations

Your experience applies equally to all skills.
You have very sharp teeth.
Your uncanny sense of smell can sniff out nearby items.
You have large cloven feet.
You evolve.


Message History

You barely miss the steam dragon.
The steam dragon is lightly wounded.
The steam dragon barely misses you. The steam dragon claws you.
* * * LOW HITPOINT WARNING * * *
You hit the steam dragon.
You bite the steam dragon, but do no damage.
The steam dragon is moderately wounded.
The steam dragon bites you.
* * * LOW HITPOINT WARNING * * *
The steam dragon misses you.
You closely miss the steam dragon.
The steam dragon is moderately wounded.
The steam dragon closely misses you. The steam dragon barely misses you.
You hit the steam dragon but do no damage.
The steam dragon is moderately wounded.
The steam dragon breathes steam at you. The ball of steam misses you.
The steam dragon breathes steam at you. The ball of steam hits you!
You die...

#...............
###.###.......#(#
#.# #.......#.##
#.# #..........
#.###.........#
#...........#
#####.......#
#......§#
#....@§.#
#....D.##
#......# #......#
#......# #......#
########


You could see a steam dragon.

Vanquished Creatures
  A wizard (D:7)
  Pikel (D:4)
  An orc sorcerer (D:7)
  Sigmund (D:3)
  Eustachio (D:4)
  Duvessa (D:7)
  A water moccasin (D:6)
  2 orc warriors
  An ice beast (D:5)
  A slave (D:4)
  An ogre (D:5)
  2 centaurs
  2 bullfrogs
  A gnoll sergeant (D:7)
  A howler monkey (D:7)
  A crimson imp (D:5)
  A quasit (D:7)
  A centaur zombie (D:6)
  3 hounds
  2 orc priests (D:5)
  An iguana (D:7)
  9 orc wizards
  A worker ant (D:5)
  7 gnolls
  6 adders
  An ooze (D:3)
  2 worms
  5 leopard geckos
  30 orcs
  2 ball pythons (D:3)
  6 giant cockroaches
  9 goblins
  5 jackals
  3 quokkas
  3 bats
  3 frilled lizards
  A giant cockroach zombie (D:5)
  4 kobolds
  A quokka zombie (D:5)
  5 rats
130 creatures vanquished.

Notes
Turn   | Place    | Note
-------+----------+-------------------------------------------
     0 | D:1      | iamserjio the Gnoll Assassin began the quest for the Orb.
     0 | D:1      | Reached XP level 1. HP: 20/20 MP: 1/1
   114 | D:2      | Reached XP level 2. HP: 26/26 MP: 2/2
   177 | D:3      | Found a radiant altar of Vehumet.
   178 | D:3      | Found a sacrificial altar of Ru.
   230 | D:3      | Reached XP level 3. HP: 5/31 MP: 3/3
   370 | D:3      | Noticed Sigmund
   393 | D:3      | Reached skill level 1 in Invocations
   421 | D:3      | Reached skill level 1 in Long Blades
   421 | D:3      | Reached skill level 1 in Axes
   421 | D:3      | Reached skill level 1 in Maces & Flails
   421 | D:3      | Reached skill level 1 in Polearms
   421 | D:3      | Reached skill level 1 in Staves
   421 | D:3      | Reached skill level 1 in Slings
   421 | D:3      | Reached skill level 1 in Bows
   421 | D:3      | Reached skill level 1 in Crossbows
   421 | D:3      | Reached skill level 1 in Armour
   421 | D:3      | Reached skill level 1 in Shields
   421 | D:3      | Reached skill level 1 in Unarmed Combat
   421 | D:3      | Reached skill level 1 in Spellcasting
   421 | D:3      | Reached skill level 1 in Evocations
   457 | D:3      | Reached XP level 4. HP: 17/38 MP: 5/5
   462 | D:3      | Killed Sigmund
   462 | D:3      | Reached skill level 8 in Stealth
   462 | D:3      | Reached skill level 1 in Conjurations
   462 | D:3      | Reached skill level 1 in Hexes
   462 | D:3      | Reached skill level 1 in Charms
   462 | D:3      | Reached skill level 1 in Summonings
   462 | D:3      | Reached skill level 1 in Necromancy
   462 | D:3      | Reached skill level 1 in Translocations
   462 | D:3      | Reached skill level 1 in Transmutations
   462 | D:3      | Reached skill level 1 in Fire Magic
   462 | D:3      | Reached skill level 1 in Ice Magic
   462 | D:3      | Reached skill level 1 in Air Magic
   462 | D:3      | Reached skill level 1 in Earth Magic
   462 | D:3      | Reached skill level 1 in Poison Magic
   462 | D:3      | Reached XP level 5. HP: 13/43 MP: 5/7
   501 | D:3      | Reached XP level 6. HP: 21/50 MP: 8/8
  1050 | D:4      | Reached skill level 5 in Fighting
  1050 | D:4      | Reached skill level 5 in Short Blades
  1050 | D:4      | Reached skill level 5 in Throwing
  1083 | D:4      | Found Pues's Armour Boutique.
  1088 | D:4      | Noticed a slave
  1089 | D:4      | Noticed a slave
  1090 | D:4      | Noticed Pikel
  1090 | D:4      | Noticed a slave
  1093 | D:4      | Noticed a slave
  1126 | D:4      | Killed a slave
  1131 | D:4      | Killed Pikel
  1131 | D:4      | Reached XP level 7. HP: 17/56 MP: 8/10
  1143 | D:4      | Bought a +0 helmet for 54 gold pieces
  1167 | D:4      | Noticed Eustachio
  1205 | D:4      | Killed Eustachio
  1205 | D:4      | Reached XP level 8. HP: 25/63 MP: 12/12
  1303 | D:5      | Entered Level 5 of the Dungeon
  1315 | D:5      | Found a sand-covered staircase.
  1499 | D:6      | Found a staircase to the Ecumenical Temple.
  1528 | Temple   | Entered the Ecumenical Temple
  2111 | D:5      | Reached XP level 9. HP: 34/69 MP: 14/14
  2377 | D:5      | Found a runed gate.
  2377 | D:5      | Found a runed gate.
  2377 | D:5      | Found a runed gate.
  2377 | D:5      | Noticed Amnesiac's ghost (amateur SpBe)
  2378 | D:5      | Found a roughly hewn altar of Beogh.
  2468 | D:5      | Found a white marble altar of Elyvilon.
  2500 | D:5      | Gained mutation: You have large cloven feet. [potion of mutation]
  2500 | D:5      | Gained mutation: You evolve. [potion of mutation]
  2588 | D:5      | Found a basalt altar of Yredelemnul.
  2663 | D:7      | Found an ornate altar of the Wu Jian Council.
  2713 | D:7      | Found a snail-covered altar of Cheibriados.
  2729 | D:7      | Became a worshipper of Cheibriados the Contemplative
  2765 | D:7      | Noticed an orc sorcerer
  2789 | D:7      | Killed an orc sorcerer
  2789 | D:7      | Reached skill level 5 in Dodging
  2827 | D:7      | Reached skill level 9 in Stealth
  2832 | D:7      | Noticed a wizard
  2842 | D:7      | Killed a wizard
  2842 | D:7      | Reached skill level 5 in Invocations
  2937 | D:7      | Found a stormy altar of Qazlal.
  2946 | D:7      | Noticed Dowan
  2947 | D:7      | Noticed Duvessa
  2954 | D:7      | Killed Duvessa
  2954 | D:7      | Reached XP level 10. HP: 36/77 MP: 15/17
  2973 | D:8      | Learned a level 3 spell: Inner Flame
  2977 | D:8      | Learned a level 3 spell: Conjure Flame
  3017 | D:8      | HP: 3/77 [steam dragon (3)]
  3020 | D:8      | Killed from afar by a steam dragon

Vault maps used:
D:1:      dpeg_arrival_castle
D:2:      minmay_crystal_water
D:3:      gammafunk_temple_overflow_statue, first_ration,
          gup_sewer_entry_spiral, uniq_grinder, uniq_sigmund
D:4:      serial_shops, shop, uniq_pikel, uniq_eustachio
D:5:      lemuel_round_altar, elyvilon_altar_4, nicolae_ossuary_entry_ruins,
          biasface_ghost_orc_armoury
D:6:      minmay_temple_entry_large_hall, serial_shops, nicolae_shop_statue_plus
D:7:      cheibrodos_wizards_tower, cheibrodos_worm_habitat,
          lemuel_doored_altar, nicolae_qazlal_style_of_elements, uniq_menkaure,
          uniq_duvessa
D:8:      grunt_temple_overflow_champion_of_chaos, kennysheep_little_box,
          nicolae_ashenzari_panopticon, uniq_maurice
Temple:   nicolae_temple_figure_zero

Skill      XL: |  1  2  3  4  5  6  7  8  9 |
---------------+----------------------------+-----
Invocations    | 1 2 3 4 5 |  5.2
Long Blades    | 1 2 3 4 |  4.7
Axes           | 1 2 3 4 |  4.7
Maces & Flails | 1 2 3 4 |  4.7
Polearms       | 1 2 3 4 |  4.7
Staves         | 1 2 3 4 |  4.7
Slings         | 1 2 3 4 |  4.7
Bows           | 1 2 3 4 |  4.7
Crossbows      | 1 2 3 4 |  4.7
Armour         | 1 2 3 4 |  4.7
Shields        | 1 2 3 4 |  4.7
Unarmed Combat | 1 2 3 4 |  4.7
Spellcasting   | 1 2 3 4 |  4.7
Evocations     | 1 2 3 4 |  4.7
Dodging        | 3 4 5 |  5.4
Stealth        | 8 9 |  9.2
Conjurations   | 1 2 3 |  3.9
Hexes          | 1 2 3 |  3.9
Charms         | 1 2 3 |  3.9
Summonings     | 1 2 3 |  3.9
Necromancy     | 1 2 3 |  3.9
Translocations | 1 2 3 |  3.9
Transmutations | 1 2 3 |  3.9
Fire Magic     | 1 2 3 |  3.9
Ice Magic      | 1 2 3 |  3.9
Air Magic      | 1 2 3 |  3.9
Earth Magic    | 1 2 3 |  3.9
Poison Magic   | 1 2 3 |  3.9
Fighting       | 5 6 |  6.6
Short Blades   | 5 6 |  6.6
Throwing       | 5 6 |  6.6

Action                   |  1- 3 |  4- 6 |  7- 9 | 10-12 || total
-------------------------+-------+-------+-------+-------++-------
Melee: Dagger            |    87 |   115 |       |       ||   202
       Bite              |    10 |    10 |    14 |     2 ||    36
       Punch             |     1 |       |       |       ||     1
       Short sword       |       |    22 |       |       ||    22
       Whip              |       |       |   214 |    16 ||   230
 Fire: Blowgun           |     2 |     7 |    16 |     2 ||    27
Throw: Tomahawk          |       |       |     4 |     1 ||     5
Evoke: Wand              |       |       |    14 |       ||    14
  Use: Potion            |     2 |     2 |     7 |       ||    11
       Scroll            |       |     3 |     4 |     1 ||     8
 Stab: Sleeping          |    12 |     4 |     3 |       ||    19
       Distracted        |       |       |     1 |       ||     1
       Invisible         |       |       |     2 |       ||     2
  Eat: Chunk             |       |       |     7 |       ||     7
Armor: Robe              |    12 |    18 |       |       ||    30
       Leather armour    |       |       |    67 |     5 ||    72
       Skin              |       |       |     3 |       ||     3
Dodge: Dodged            |    44 |    73 |   161 |    23 ||   301

Table legend:
 A = Spawn XP
 B = Non-spawn XP
 C = Spawn XP percentage of total XP
 D = Spawn monster count
 E = Non-spawn monster count
 F = Spawn count percentage of total count
 G = Total turns spent on level
                    A         B        C        D         E        F      G
               +---------+---------+-------+---------+---------+-------+---------
         Total |       0 |    4779 |   0.0 |       0 |     129 |   0.0 |  3020
               +---------+---------+-------+---------+---------+-------+---------
           D:1 |       0 |       5 |   0.0 |       0 |       4 |   0.0 |    98
           D:2 |       0 |      21 |   0.0 |       0 |      11 |   0.0 |   192
           D:3 |       0 |     369 |   0.0 |       0 |      37 |   0.0 |   699
           D:4 |       0 |     906 |   0.0 |       0 |       9 |   0.0 |   316
           D:5 |       0 |     835 |   0.0 |       0 |      35 |   0.0 |   790
           D:6 |       0 |     577 |   0.0 |       0 |      12 |   0.0 |   435
           D:7 |       0 |    1967 |   0.0 |       0 |      19 |   0.0 |   304
           D:8 |       0 |      85 |   0.0 |       0 |       1 |   0.0 |    54
        Temple |       0 |      14 |   0.0 |       0 |       1 |   0.0 |   132
               +---------+---------+-------+---------+---------+-------+---------
